 Dungeon Crawl Stone Soup version 0.30-a0-174-gbc10bd73c2 (webtiles) character file.

Game seed: 13414261257624729858

291 qw the Chopper (level 6, -1/39 HPs)
             Began as a Gargoyle Fighter on Oct 1, 2022.
             Slain by Dowan
             ... wielding a +0 dagger
              (3 damage)
             ... on level 4 of the Dungeon.
             The game lasted 00:01:12 (2579 turns).

qw the Chopper (Gargoyle Fighter)                   Turns: 2579, Time: 00:01:13

Health: -1/39      AC: 14    Str: 21      XL:     6   Next: 32%
Magic:  6/6        EV:  7    Int:  8 (9)  God:
Gold:   161        SH:  4    Dex:  6 (9)  Spells: 5/5 levels left

rFire   + . .      SeeInvis .    Y - +0 war axe
rCold   . . .      Faith    .    c - +0 buckler
rNeg    + . .      Spirit   .    o - +0 chain mail
rPois   inf        Reflect  .    l - +0 helmet
rElec   +          Harm     .    k - scarf {repulsion}
rCorr   .          Rampage  .    (no gloves)
Will    .....                    (no boots)
Stlth   ..........               (no amulet)
HPRegen 0.26/turn                f - ring of protection from fire
MPRegen 0.10/turn                (no ring)

@: lit by a corona, glowing, repel missiles
A: sickness immunity, AC +4, negative energy resistance 1, electricity
resistance, torment resistance 1, petrification resistance
a: no special abilities


You were on level 4 of the Dungeon.
You visited 1 branch of the dungeon, and saw 4 of its levels.

You collected 161 gold pieces.


Innate Abilities, Weirdness & Mutations

You are immune to sickness and miasma.
Your stone body is resilient. (AC +4)
You are immune to poison.
You resist negative energy. (rN+)
You are resistant to electric shocks. (rElec)
You are resistant to unholy torment.
You are immune to petrification.


   Skills:
 - Level 4.7 Fighting
 + Level 5.1 Axes
 - Level 3.2 Armour
 - Level 3.2 Shields


You had 5 spell levels left.
You didn't know any spells.
Your spell library was empty.

Inventory:

Hand Weapons
 q - a +0 flail
 Y - a +0 war axe (weapon)
Armour
 c - a +0 buckler (worn)
 j - a +0 cloak
 k - a scarf of repulsion (worn)
 l - a +0 helmet (worn)
 o - a +0 chain mail (worn)
Jewellery
 b - a ring of ice
 f - a ring of protection from fire (left hand)
Scrolls
 e - a scroll of poison {unknown}
 i - a scroll of brand weapon {unknown}
 n - a scroll of identify
 p - a scroll of torment {unknown}
Potions
 a - a potion of curing {unknown}
 d - a potion of might
 g - a potion of ambrosia {unknown}
 h - a potion of flight {unknown}
 m - a potion of brilliance {unknown}

Dungeon Overview and Level Annotations

Branches:
Dungeon (4/15)
 Temple: D:4-7

Altars:

Annotations:
D:4 Dowan


Message History

You hit Duvessa.
You kill Duvessa!
Dowan's eyes darken. "You have made a black mistake."
Dowan seems to find hidden reserves of power!
You hit Dowan. Dowan hits you but does no damage.
The hound bites you but does no damage.
You feel your strength returning.
Your Fighting skill increases to level 4!
You have reached level 6!
You closely miss Dowan.
Dowan is heavily wounded.
You barely miss the hound. Dowan completely misses you.
You block the hound's attack. Dowan hits you but does no damage.
The hound barely misses you.
You closely miss Dowan.
Dowan is heavily wounded.
You barely miss the hound. Dowan hits you but does no damage.
The hound bites you but does no damage.
Dowan casts a spell.
Dowan blinks!
The hound bites you but does no damage.
You miss the hound. The hound closely misses you. The hound bites you.
You closely miss the hound. The hound bites you but does no damage.
You barely miss the hound. The hound bites you but does no damage.
The hound bites you. Dowan hits you but does no damage.
You closely miss Dowan.
Dowan is heavily wounded.
You hit the hound. The hound barely misses you.
Dowan shakes with grief.
Dowan hits you but does no damage. The hound bites you but does no damage.
Dowan hits you but does no damage.
You hit Dowan.
Dowan is heavily wounded.
You hit the hound but do no damage. The hound bites you but does no damage.
You block Dowan's attack. The hound closely misses you.
Dowan hits you with a +0 dagger.
You die...

#.........### #.#...
#.#####...%.#####.....
#...............#.#...
#..###.%....###.......
#..# #.#.#### ###.#..#
#..# #.#.# #.#..#
#..###.#.# #.#..#
#......#.. #.#...
#....##@h### #.####
#######.e...... #.....
#.#....## #######
#.+...... ....... ###
...## ####### ...#
.... .... ## #.


You could see Dowan (fast) and a hound.

Vanquished Creatures
  Duvessa (D:4)
  A hound (D:4)
  Terence (D:2)
  A gnoll (D:1)
  5 adders
  2 worms
  2 dart slugs
  An orc (D:4)
  7 ball pythons
  8 endoplasms
  4 goblins
  9 hobgoblins
  6 jackals
  2 quokkas
  6 bats
  4 frilled lizards
  4 kobolds (D:1)
  5 rats
69 creatures vanquished.

Notes
Turn   | Place    | Note
-------+----------+-------------------------------------------
     0 | D:1      | qw the Gargoyle Fighter began the quest for the Orb.
     0 | D:1      | Reached XP level 1. HP: 14/14 MP: 1/1
     0 | D:1      | 0 ||| qw: Version: 0.2-a-13-gfc7b4b4
     0 | D:1      | 0 ||| qw: Game counter: 1863
     0 | D:1      | 0 ||| qw: Always use a shield: true
     0 | D:1      | 0 ||| qw: God list: Okawaru
     0 | D:1      | 0 ||| qw: Allow faded altars: false
     0 | D:1      | 0 ||| qw: Do Orc after D:15 true
     0 | D:1      | 0 ||| qw: Do second Lair branch before Depths: true
     0 | D:1      | 0 ||| qw: Lair rune preference: random
     0 | D:1      | 0 ||| qw: Plans: Normal, Zot:1-4, God:TSO, Crypt, Tomb,
                  | Pan, Slime:5, Hells, Abyss, Orb
     0 | D:1      | 0 ||| PLANNING D:1-11
    50 | D:1      | Reached skill level 2 in Axes
    65 | D:1      | 65 ||| Stepping ~*~*~tactically~*~*~ (hiding).
    88 | D:1      | 88 ||| Stepping ~*~*~tactically~*~*~ (stealth).
    92 | D:1      | Reached XP level 2. HP: 19/19 MP: 2/2
   196 | D:1      | 196 ||| Stepping ~*~*~tactically~*~*~ (stealth).
   307 | D:1      | 307 ||| Stepping ~*~*~tactically~*~*~ (stealth).
   337 | D:1      | Reached skill level 3 in Axes
   387 | D:1      | Reached XP level 3. HP: 18/23 MP: 3/3
   624 | D:1      | 624 ||| Stepping ~*~*~tactically~*~*~ (hiding).
   638 | D:1      | Found a faded altar of an unknown god.
   830 | D:1      | 830 ||| UPGRADING to scarf of repulsion.
   835 | D:1      | 835 ||| UPGRADING to +0 helmet.
   840 | D:1      | 840 ||| UPGRADING to ring of protection from fire.
   841 | D:1      | 841 ||| READING 2 scrolls labelled WAMIOPR YJULAI.
   842 | D:1      | 842 ||| READING scroll labelled VUECKU LIPPO.
   843 | D:1      | 843 ||| READING 2 scrolls labelled ARPHETI YLIDOZU.
   844 | D:1      | 844 ||| DROPPING scroll of butterflies.
   885 | D:2      | 885 ||| STAIRDANCE
   892 | D:2      | 892 ||| STAIRDANCE
   923 | D:2      | You fall into a shaft and drop 1 floor!
   991 | D:2      | Noticed Terence
   992 | D:2      | 992 ||| Stepping ~*~*~tactically~*~*~ (hiding).
  1007 | D:2      | Killed Terence
  1008 | D:2      | Reached skill level 4 in Axes
  1008 | D:2      | Reached XP level 4. HP: 10/28 MP: 4/4
  1015 | D:2      | 1015 ||| Stepping ~*~*~tactically~*~*~ (stealth).
  1033 | D:2      | 1033 ||| Stepping ~*~*~tactically~*~*~ (stealth).
  1034 | D:2      | 1034 ||| Stepping ~*~*~tactically~*~*~ (stealth).
  1035 | D:2      | 1035 ||| Stepping ~*~*~tactically~*~*~ (stealth).
  1036 | D:2      | 1036 ||| Stepping ~*~*~tactically~*~*~ (stealth).
  1037 | D:2      | 1037 ||| Stepping ~*~*~tactically~*~*~ (stealth).
  1038 | D:2      | 1038 ||| Stepping ~*~*~tactically~*~*~ (stealth).
  1197 | D:2      | 1197 ||| Stepping ~*~*~tactically~*~*~ (stealth).
  1292 | D:2      | Reached XP level 5. HP: 32/32 MP: 5/5
  1448 | D:2      | 1448 ||| DROPPING orb of energy.
  1449 | D:2      | 1449 ||| UPGRADING to +0 chain mail.
  1459 | D:2      | 1459 ||| DROPPING +0 scale mail.
  1460 | D:2      | 1460 ||| READING 2 scrolls labelled GIUTRU USUMI.
  1461 | D:2      | 1461 ||| READING scroll labelled ERAUVU GYZEYPT.
  1462 | D:2      | 1462 ||| READING scroll labelled XYMAFI MAUM.
  1466 | D:2      | 1466 ||| READING 2 scrolls of identify.
  1466 | D:2      | 1466 ||| IDENTIFYING puce potion
  1467 | D:2      | 1467 ||| DROPPING scroll of blinking.
  1468 | D:2      | 1468 ||| DROPPING potion of invisibility.
  1583 | D:3      | Identified the +1 leather armour of Gravity {Harm *Slow rF+
                  | Will++}
  1709 | D:3      | 1709 ||| Stepping ~*~*~tactically~*~*~ (stealth).
  2019 | D:3      | 2019 ||| DRINKING 2 ruby potions.
  2020 | D:3      | 2020 ||| DROPPING potion of degeneration.
  2247 | D:4      | Reached skill level 5 in Axes
  2397 | D:4      | 2397 ||| DROPPING +0 whip.
  2558 | D:4      | Noticed Duvessa
  2558 | D:4      | Noticed Dowan
  2568 | D:4      | HP: 6/32 [Duvessa/+0 short sword (8)]
  2572 | D:4      | Killed Duvessa
  2573 | D:4      | Reached XP level 6. HP: 6/39 MP: 6/6
  2575 | D:4      | HP: 2/39 [hound (5)]
  2579 | D:4      | Slain by Dowan

Levels and vault maps discovered:
D:1:      onia_arrival_pyramid, layout_loops_ring, basic_ecumenical_altar,
          wander_ebering_terrifying_dragon_lair
D:2:      layout_rooms, uniq_terence
D:3:      layout_basic
D:4:      layout_basic, vehumet_altar_wand_db, nicolae_overflows_in_rows,
          kennysheep_mini_moat, uniq_duvessa, uniq_robin, uniq_sigmund

Skill      XL: |  1  2  3  4  5 |
---------------+----------------+-----
Axes           | 2 3 4 5 |  5.1
Fighting       | 4 |  4.7
Armour         | |  3.2
Shields        | |  3.2

Action                   |  1- 3 |  4- 6 || total
-------------------------+-------+-------++-------
Melee: War axe           |   122 |   132 ||   254
  Use: Scroll            |     3 |     4 ||     7
       Potion            |       |     1 ||     1
Armor: Scale mail        |    58 |    17 ||    75
       Chain mail        |       |    82 ||    82
Dodge: Dodged            |    57 |    50 ||   107
Block: Buckler           |    25 |    27 ||    52

Table legend:
 A = Non-vault XP
 B = Vault XP
 C = Vault XP percentage of total XP
 D = Non-vault monster count
 E = Vault monster count
 F = Vault count percentage of total count
                 A         B        C        D         E       F
            +---------+---------+-------+---------+---------+-------
      Total |     232 |     184 |  44.2 |      66 |       3 |   4.3
            +---------+---------+-------+---------+---------+-------
        D:1 |      56 |       1 |   1.8 |      27 |       1 |   3.6
        D:2 |      77 |      38 |  33.0 |      21 |       1 |   4.5
        D:3 |      29 |       0 |   0.0 |      10 |       0 |   0.0
        D:4 |      70 |     145 |  67.4 |       8 |       1 |  11.1
            +---------+---------+-------+---------+---------+-------
